 Dungeon Crawl Stone Soup version 0.30.1 (webtiles) character file.

Game seed: 11356687263084449808

151975 GeoRichter the Alchemist (level 17, -1/228 HPs)
             Began as a Yellow Draconian Hexslinger on July 8, 2023.
             Was the Champion of Dithmenos.
             Killed from afar by a spriggan air mage (36 damage)
             ... with a bolt of lightning
             ... on level 4 of the Swamp.
             The game lasted 01:05:28 (36133 turns).

GeoRichter the Alchemist (DrHs)                    Turns: 36133, Time: 01:05:29

Health: -1/228     AC: 19    Str: 24    XL:     17   Next: 1%
Magic:  8/32       EV: 12    Int: 24    God:    Dithmenos [******]
Gold:   2564       SH:  0    Dex: 18    Spells: 10/38 levels left

rFire   + .          .
                       - Unarmed
rCold   + . .        (shield currently unavailable)
rNeg    . . .        (body armour unavailable)
rPois   +            D - melded +2 hat
rElec   .            d - melded scarf {rC+ rF+}
rCorr   +            (gloves currently unavailable)
SInv    .            y - melded +2 pair of boots
Will    +....        G - amulet of magic regeneration
Stlth   +++          P - ring of the Mage {Wiz Archmagi}
HPRegen 0.58/turn    T - ring "Qiluar" {rF+ rC+ Int+4 Dex+6}
MPRegen 0.63/turn

%: wizardry (x1), archmagi
@: dragon-form, flying, very slightly contaminated, wreathed by umbra, studying
Short Blades
A: dragon claw, dragon scales, flying, boosted hp, spit acid, AC +9, giant,
unfitting armour, acidic bite, (cold-blooded), acid resistance
a: Breathe Acid, End Transformation, Renounce Religion, Shadow Step, Shadow Form


You were on level 4 of the Swamp.
You worshipped Dithmenos.
Dithmenos was exalted by your worship.
You were a fearsome golden dragon!
You visited 4 branches of the dungeon, and saw 26 of its levels.
You also visited: Ice Cave.

You collected 2887 gold pieces.
You spent 323 gold pieces at shops.

Inventory:

Missiles
 F - 3 throwing nets {!f}
Armour
 d - a scarf of resistance (melded)
   (You found it on level 11 of the Dungeon)
 y - a +2 pair of boots (melded)
   (You found it on level 6 of the Dungeon)
 D - a +2 hat (melded)
   (You acquired it on level 1 of the Lair of Beasts)
Jewellery
 B - the ring "Madunla" {Str+4 Dex+4 SInv}
   (You found it on level 4 of the Swamp)

   [ring of see invisible]

   Str:       It affects your strength (+4).
   Dex:       It affects your dexterity (+4).
   SInv:      It lets you see invisible.
 G - an amulet of magic regeneration (around neck)
   (You found it on level 9 of the Dungeon)
 J - the ring of Awoelast {rPois rCorr Dex+6}
   (You acquired it on level 1 of the Lair of Beasts)

   [ring of dexterity]

   Dex:       It affects your dexterity (+6).
   rPois:     It protects you from poison.
   rCorr:     It protects you from acid and corrosion.
 N - the ring of Paty {rF+ rN+ Will- rCorr Dex+3}
   (You found it on level 5 of the Lair of Beasts)

   [ring of resist corrosion]

   Dex:       It affects your dexterity (+3).
   rF:        It protects you from fire.
   rN:        It protects you from negative energy.
   rCorr:     It protects you from acid and corrosion.
   Will:      It decreases your willpower.
 P - the ring of the Mage (left foreclaw) {Wiz Archmagi}
   (You found it on level 5 of the Lair of Beasts)

   [ring of wizardry]

   It improves your spell success rate.
   Archmagi:  It increases the power of your magical spells.
 T - the ring "Qiluar" (right foreclaw) {rF+ rC+ Int+4 Dex+6}
   (You acquired it on level 13 of the Dungeon)

   [ring of dexterity]

   Int:       It affects your intelligence (+4).
   Dex:       It affects your dexterity (+6).
   rF:        It protects you from fire.
   rC:        It protects you from cold.
Wands
 k - a wand of acid (20)
   (You took it off Joseph on level 8 of the Dungeon)
 p - a wand of iceblast (20)
   (You found it on level 1 of the Lair of Beasts)
 v - a wand of flame (18)
   (You took it off a kobold on level 4 of the Dungeon)
 E - a wand of mindburst (30)
   (You found it on level 8 of the Dungeon)
Scrolls
 b - 6 scrolls of poison {!r}
 e - 3 scrolls of amnesia
 f - 3 scrolls of vulnerability {!r}
 h - 6 scrolls of teleportation {@r4}
 l - a scroll of summoning
 m - 4 scrolls of blinking
 n - 6 scrolls of noise {!r}
 q - a scroll of torment {!r}
 t - 2 scrolls of silence
 u - 2 scrolls of enchant armour
 x - 7 scrolls of fog
 A - 2 scrolls of magic mapping
 K - a scroll of immolation {!r}
 M - 2 scrolls of fear
 S - 7 scrolls of identify {@r1}
Potions
 a - 4 potions of berserk rage
 c - 4 potions of resistance
 g - 3 potions of ambrosia
 j - 4 potions of attraction {!q}
 o - a potion of lignification {unknown}
 r - 2 potions of heal wounds {@q2}
 s - 5 potions of brilliance
 w - 10 potions of curing {@q1}
 z - a potion of flight
 C - a potion of cancellation
 H - 2 potions of haste {@q3}
 I - 6 potions of magic
 L - 2 potions of mutation {!q}
 O - a potion of invisibility
 Q - 2 potions of might
Miscellaneous
 R - a phantom mirror
   (You found it on level 2 of the Swamp)


   Skills:
 + Level 14.1 Fighting
 - Level 3.1 Ranged Weapons
 + Level 8.3 Dodging
 + Level 12.1 Unarmed Combat
 + Level 11.2 Spellcasting
 - Level 11.2 Conjurations
 - Level 2.6 Hexes
 * Level 15.9 Transmutations
 - Level 10.0 Earth Magic


You had 10 spell levels left.
You knew the following spells:

 Your Spells              Type           Power      Damage    Failure   Level
a - Slow                  Hex            100%       N/A       1%          1
b - Sandblast             Erth           100%       2d20      1%          1
c - Stone Arrow           Conj/Erth      100%       3d13      1%          3
d - Irradiate             Conj/Tmut      43%        3d26      1%          5
e - Blade Hands           Tmut           47%        N/A       1%          5
f - Iron Shot             Conj/Erth      38%        9d8       3%          6
g - Dragon Form           Tmut           47%        N/A       2%          7

Your spell library contained the following spells:

 Spells                   Type           Power      Damage    Failure   Level
 Apportation              Tloc           40%        N/A       1%          1
 Foxfire                  Conj/Fire      100%       2x1d9     1%          1
 Shock                    Conj/Air       100%       1d9       1%          1
 Summon Small Mammal      Summ           80%        N/A       1%          1
 Ensorcelled Hibernation  Hex/Ice        58%        N/A       1%          2
 Passwall                 Tmut/Erth      70%        N/A       1%          2
 Static Discharge         Conj/Air       100%       2-7/arc   1%          2
 Confusing Touch          Hex            39%        N/A       1%          3
 Ignite Poison            Fire/Tmut/Pois 55%        N/A       1%          3
 Mephitic Cloud           Conj/Pois/Air  47%        N/A       1%          3
 Spider Form              Tmut/Pois      67%        N/A       1%          3
 Flame Wave               Conj/Fire      57%        2d14      1%          4
 Fulminant Prism          Conj/Hex       31%        3d16      1%          4
 Ice Form                 Ice/Tmut       67%        N/A       1%          4
 Iskenderun's Mystic Bla  Conj/Tloc      57%        2d12      1%          4
 Leda's Liquefaction      Hex/Erth       30%        N/A       1%          4
 Sticky Flame             Conj/Fire      57%        2d7       1%          4
 Alistair's Intoxication  Tmut/Pois      44%        N/A       1%          5
 Lee's Rapid Deconstruct  Erth           37%        3d19*     1%          5
 Poisonous Vapours        Pois/Air       40%        N/A       2%          2
 Inner Flame              Hex/Fire       29%        N/A       3%          3
 Portal Projectile        Hex/Tloc       58%        N/A       3%          3
 Summon Guardian Golem    Hex/Summ       29%        N/A       3%          3
 Arcjolt                  Conj/Air       28%        1d38      5%          5
 Fireball                 Conj/Fire      28%        3d12      5%          5
 Call Canine Familiar     Summ           20%        N/A       6%          3
 Frozen Ramparts          Ice            40%        1d7       6%          3
 Swiftness                Air            20%        N/A       6%          3
 Vampiric Draining        Necr           20%        2d7       6%          3
 Vhi's Electric Charge    Tloc/Air       40%        N/A       6%          3
 Volatile Blastmotes      Fire/Tloc      40%        2d13      6%          3
 Cause Fear               Hex            19%        N/A       6%          4
 Anguish                  Hex/Necr       14%        N/A       11%         4
 Freezing Cloud           Conj/Ice/Air   23%        6-21      12%         5
 Airstrike                Air            10%        2d(2-18)  19%         4
 Summon Ice Beast         Ice/Summ       20%        N/A       19%         4
 Summon Lightning Spire   Summ/Air       20%        N/A       19%         4
 Starburst                Conj/Fire      28%        6d9       26%         6
 Lehudib's Crystal Spear  Conj/Erth      38%        10d10     80%         8
 Plasma Beam              Fire/Air       10%        2x1d23    94%         6
 Ignition                 Fire           10%        3d5       100%        8
 Maxwell's Capacitive Co  Air            10%        ∞         100%        8
 Chain Lightning          Conj/Air       28%        3d38      100%        9
 Fire Storm               Conj/Fire      28%        8d7       100%        9
 Shatter                  Erth           37%        3d30*     100%        9
 Animate Armour           Summ/Erth      Unusable   N/A       N/A         4

Dungeon Overview and Level Annotations

Branches:
Dungeon (15/15) Zot: 25657  Temple (0/1) D:7            Lair (5/5) D:11 Zot: 22888
  Swamp (4/4) Lair:2 Zot: 18854  Spider (0/4) Lair:2        Slime (0/5) Lair:4
    Orc (2/2) D:10 Zot: 9937     Elf (0/3) Orc:2        Vaults (0/5) D:14
 Depths (0/4) D:15          IceCv (visited)

Altars:
Ashenzari
Dithmenos
Elyvilon
Fedhas
Gozag
Okawaru
Ru
Sif Muna
Trog
Vehumet
Wu Jian
Xom
Yredelemnul
Zin
Jiyva

Shops:
D:7 =*[**   D:12 [   D:14 *   Orc:2 ==(=

Portals:
Trove: D:10 (show slimy rune of Zot)

Annotations:
D:11 Grum
D:15 3 runed translucent doors, Boahovan's ghost, journeyman DsGl; Roxanne
Lair:1 3 runed translucent doors, LittleThickWarRabbit's ghost, journeyman MiBe
Swamp:2 2 transporters, McKennaii's ghost, journeyman DgCj
Orc:1 2 transporters, kalagan's ghost, journeyman DECj


Innate Abilities, Weirdness & Mutations

You are a fearsome golden dragon!
You have a powerful clawing attack.
Your giant scaled body is strong and resiliant, but less evasive.
Your breath weapon is enhanced in this form.
You are flying.
Your maximum health is greatly increased.
Your armour is entirely melded.
You are incapable of wielding weapons or throwing items.
You can spit globs of acid.
Your golden yellow scales are hard. (AC +9)
You cannot fit into any form of body armour.
You have acidic saliva.
((You are cold-blooded and may be slowed by cold attacks.))
You are resistant to acid. (rCorr)


Message History

The spriggan is blasted with magical radiation!!!
You kill the spriggan!
Dithmenos accepts your kill.
The spriggan rider is blasted with magical radiation!!!
You kill the spriggan rider!
Dithmenos accepts your kill.
You kill the hornet!
Dithmenos accepts your kill.
The seven-headed hydra simulacrum is blasted with magical radiation!!!
The seven-headed hydra simulacrum vaporises!
Dithmenos accepts your kill.
You are lightly contaminated with residual magic.
You have reached level 17!
You feel much better. The spriggan rider barely misses you.
You closely miss the spriggan berserker.
Your tail-slap misses the spriggan berserker.
The spriggan rider closely misses you.
The spriggan berserker closely misses you.
You miss the spriggan berserker. You tail-slap the spriggan berserker.
You bite the spriggan berserker, but do no damage.
The spriggan berserker is lightly wounded.
The spriggan berserker hits you with a +0 rapier!
* * * LOW HITPOINT WARNING * * *
You maul the spriggan berserker!!!
You kill the spriggan berserker!
Dithmenos accepts your kill.
You hear a shout!
The spriggan rider hits you from afar with a +2 heavy spear!!
* * * LOW HITPOINT WARNING * * *
The spriggan rider hits you with a +2 heavy spear!
* * * LOW HITPOINT WARNING * * *
You feel much better.
You closely miss the spriggan rider. Your bite misses the spriggan rider.
Your shadow barely misses the spriggan rider.
The spriggan rider closely misses you.
The spriggan air mage waves its arms in wide circles.
The air twists around and strikes you!!
* * * LOW HITPOINT WARNING * * *
You closely miss the spriggan rider. You tail-slap the spriggan rider.
The spriggan rider is lightly wounded.
Your shadow hits the spriggan rider.
You maul the spriggan rider!!!
You kill the spriggan rider!
Dithmenos accepts your kill.
You kill the hornet!
Dithmenos accepts your kill.
You hear a shout!
The spriggan air mage points at you and mumbles some strange words.
The bolt of lightning hits you!!!
You die...

≈≈♣♣.~~...~<~.~♣
≈♣♣§~~..~~~..~♣♣♣
♣.~~~~~~~~~~.~~~♣ ♣♣ ..
~~♣.~)~..~~.~§..♣♣♣.♣♣§.i.~~
~~~♣.~~.~~....~.~♣.~~♣..i~..
♣♣♣♣♣♣♣.~~...§§.♣♣...♣i....♣
♣~~~~~~..~~..~§♣♣ ..~.~~~...
~~♣~~~~~.~~~§.§§♣♣♣§§.~.~...
♣♣♣♣♣♣♣♣~~~~♣§§§D♣§i§..~.~.~
~♣~~♣§~♣~~~~~♣♣§§i§§§.......
~~§~~~~♣~§~~.♣♣♣§§§§..~~~♣..
♣♣♣♣~♣♣♣♣~~~♣♣ ♣♣~♣..§......
§~~♣§~~~♣~~.§~ ~♣.~~....♣♣~
♣♣~~♣~~~♣..... ~.i..~♣.~.~..
~♣♣♣♣♣♣♣♣♣~~ ♣~...~~...~:~.
~♣§~~~~♣ ♣♣♣~..♣♣~..... .
~~♣~~§♣♣ ♣♣.♣♣ ♣♣♣.~. ..


You could see a spriggan air mage (repels missiles).

Vanquished Creatures
  Rupert (D:15)
  Jorgrun (D:13)
  A thorn hunter (Swamp:2)
  A fenstrider witch (Swamp:4)
  Aizul (Swamp:2)
  3 ghouls (Swamp:1)
  6 eleionomae
  Azrael (D:12)
  4 bunyips
  Snorg (Lair:3)
  2 shambling mangroves
  A spriggan air mage (Swamp:4)
  Erolcha (D:13)
  13 hydras
  4 ghost crabs
  Harold (D:9)
  8 centaur warriors
  A merfolk avatar (Lair:5)
  2 boulder beetles
  2 dancing weapons (D:14)
  3 two-headed ogres
  A tengu warrior (D:15)
  4 death yaks (Lair:5)
  3 orc high priests (Orc:2)
  14 alligators
  2 spriggan berserkers (Swamp:4)
  A shock serpent (shapeshifter) (D:14)
  Urug (D:12)
  15 spriggans
  Sonja (D:13)
  Lodul (D:10)
  3 skysharks
  A fire crab (Lair:5)
  3 goliath frogs
  3 swamp dragons
  A sea snake (Lair:5)
  2 wizards
  3 spriggan druids
  4 harpies (Lair:5)
  7 bog bodies
  2 deep elf pyromancers
  Pikel (D:7)
  5 orc knights
  2 necromancers
  An oklob plant (Lair:4)
  17 ugly things
  2 manticores
  4 orc sorcerers (Orc:2)
  4 cyclopes
  6 will-o-the-wisps
  25 elephants
  Maurice (D:8)
  A water nymph (shapeshifter) (D:14)
  3 black mambas
  Joseph (D:8)
  3 naga magi (D:15)
  Maggie (D:9)
  A centaur skeleton (D:15)
  A kobold demonologist (D:11)
  2 ice statues (IceCv)
  10 cane toads
  An unseen horror (D:12)
  A freezing wraith (D:15)
  3 rime drakes (Lair:5)
  9 komodo dragons
  7 ice devils
  A tengu conjurer (D:14)
  3 anaconda simulacra (IceCv)
  3 polar bears
  8 tyrant leeches
  9 trolls
  Prince Ribbit (D:8)
  2 bloated husks (Swamp:1)
  18 hornets
  A harpy skeleton (D:15)
  9 blink frogs
  12 dream sheep (Lair:5)
  A snapping turtle (Lair:5)
  A centaur simulacrum (D:15)
  A shadow (D:10)
  54 yaks
  3 slime creatures (D:12)
  4 wyverns
  A vampire (D:11)
  3 dire elephant simulacra (IceCv)
  2 fire elementals (D:12)
  4 steam dragons
  5 basilisks
  2 redbacks (Lair:2)
  3 swamp worm simulacra (Swamp:4)
  21 vampire mosquitoes
  A death yak simulacrum (IceCv)
  14 swamp worms
  2 harpy simulacra (IceCv)
  8 water moccasins
  3 wargs
  5 hydra simulacra
  2 hell hounds (D:12)
  18 orc warriors
  4 swamp drakes
  A sky beast (D:8)
  An ice beast (D:6)
  3 black bears
  6 wolves
  15 centaurs
  14 ogres
  3 lemures (D:7)
  13 bullfrogs
  2 kobold brigands (D:7)
  2 necrophages (Swamp:1)
  5 scorpions
  A two-headed ogre simulacrum (IceCv)
  A cane toad simulacrum (IceCv)
  5 wights (D:8)
  10 killer bees
  3 electric eels (Lair:1)
  A hound (D:4)
  5 jellies
  3 centaur zombies
  21 orc priests
  A gnoll bouda (D:5)
  23 orc wizards
  A sleepcap (D:8)
  3 iguanas
  A polar bear simulacrum (IceCv)
  5 killer bee zombies (D:8)
  A howler monkey zombie (D:8)
  Robin (D:1)
  11 gnolls
  9 adders
  A naga simulacrum (IceCv)
  3 white imps
  A swamp drake simulacrum (Swamp:4)
  3 ufetubi
  A worm (D:1)
  4 dart slugs
  71 orcs
  8 bats
  4 endoplasms
  4 giant cockroaches
  15 goblins
  11 hobgoblins
  4 jackals (D:1)
  16 kobolds
  4 quokkas
  11 ball pythons
  4 frilled lizards
  3 rats
810 creatures vanquished.

Vanquished Creatures (others)
  A goliath frog (Swamp:3)
  A wizard (D:9)
  A tyrant leech (Swamp:4)
  A bloated husk (Swamp:3)
  A hornet (Swamp:4)
  A spriggan (Swamp:4)
  A butterfly (D:15)
  14 foxfires
21 creatures vanquished.

Grand Total: 831 creatures vanquished

Notes
Turn   | Place    | Note
-------+----------+-------------------------------------------
     0 | D:1      | GeoRichter the Draconian Hexslinger began the quest for the
                  | Orb.
     0 | D:1      | Reached XP level 1. HP: 16/16 MP: 2/2
   124 | D:1      | Reached XP level 2. HP: 23/23 MP: 3/3
   544 | D:2      | Reached XP level 3. HP: 8/28 MP: 4/4
   724 | D:2      | Noticed Robin
   726 | D:2      | Reached skill level 1 in Earth Magic
  1160 | D:2      | Reached XP level 4. HP: 21/35 MP: 6/6
  1253 | D:1      | Learned a level 1 spell: Sandblast
  1581 | D:1      | Killed Robin
  1891 | D:2      | Reached XP level 5. HP: 29/40 MP: 4/8
  2078 | D:3      | Found a shadowy altar of Dithmenos.
  2143 | D:3      | Became a worshipper of Dithmenos the Shadowed
  2530 | D:4      | Found a radiant altar of Vehumet.
  2595 | D:4      | Noticed a black bear
  2601 | D:4      | Killed a black bear
  2602 | D:4      | Reached XP level 6. HP: 47/47 MP: 6/9
  2660 | D:4      | Found a sacrificial altar of Ru.
  2676 | D:4      | Reached skill level 5 in Earth Magic
  2681 | D:4      | Learned a level 3 spell: Stone Arrow
  3599 | D:5      | Entered Level 5 of the Dungeon
  3688 | D:5      | Your scales start taking on a golden yellow colour.
  3688 | D:5      | Reached XP level 7. HP: 32/52 MP: 7/10
  3688 | D:5      | Gained mutation: You are resistant to acid. (rCorr) [Yellow
                  | Draconian growth]
  3860 | D:5      | Reached * piety under Dithmenos
  4363 | D:5      | You fall into a shaft and drop 2 floors!
  4432 | D:7      | Found an iron altar of Okawaru.
  4548 | D:7      | Reached skill level 1 in Conjurations
  4569 | D:7      | Noticed a wyvern
  4722 | D:7      | Found Mtukagh's Merry Market.
  4745 | D:7      | Killed a wyvern
  4746 | D:7      | Reached XP level 8. HP: 59/59 MP: 7/11
  4952 | D:7      | Reached ** piety under Dithmenos
  5082 | D:6      | Found a blossoming altar of Fedhas.
  5345 | D:6      | Found a white marble altar of Elyvilon.
  5772 | D:5      | Found a glowing silver altar of Zin.
  6764 | D:7      | Found Getus's Jewellery Boutique.
  6906 | D:7      | Found a staircase to the Ecumenical Temple.
  6958 | D:7      | Found Jezul's General Store.
  6962 | D:7      | Found Ufeegauv's Antique Armour Shop.
  6962 | D:7      | Found Nifistei's Assorted Antiques.
  6970 | D:7      | Bought an ancient cloak for 323 gold pieces
  6970 | D:7      | Identified the +0 cloak of Awe {Str+4 Dex+2 SInv} (You
                  | bought it in a shop on level 7 of the Dungeon)
  7025 | D:7      | Noticed Pikel
  7045 | D:7      | Paralysed by Pikel for 4 turns
  7105 | D:7      | Killed Pikel
  7106 | D:7      | Reached skill level 5 in Conjurations
  7106 | D:7      | Reached skill level 10 in Earth Magic
  7106 | D:7      | Reached XP level 9. HP: 56/64 MP: 2/12
  7575 | D:7      | Found a shimmering altar of Xom.
  7992 | D:8      | Noticed Joseph
  8038 | D:8      | Noticed a two-headed ogre
  8700 | D:7      | Found Mtukagh's Merry Market.
  8815 | D:7      | Found a shimmering altar of Xom.
  8843 | D:7      | Found an iron altar of Okawaru.
  8904 | D:7      | Killed a two-headed ogre
  8954 | D:8      | Noticed Maurice
  9279 | D:8      | Killed Maurice
  9280 | D:8      | Reached XP level 10. HP: 78/79 MP: 2/16
  9380 | D:7      | Found a staircase to the Ecumenical Temple.
  9477 | D:7      | Found Getus's Jewellery Boutique.
  9645 | D:7      | Found Jezul's General Store.
  9647 | D:7      | Found Nifistei's Assorted Antiques.
  9647 | D:7      | Found Ufeegauv's Antique Armour Shop.
  9901 | D:8      | Killed Joseph
  9902 | D:8      | Reached skill level 5 in Fighting
 10067 | D:8      | Found a basalt altar of Yredelemnul.
 10249 | D:8      | Noticed Prince Ribbit
 10252 | D:8      | Killed Prince Ribbit
 10726 | D:9      | Noticed Harold
 10743 | D:9      | Killed Harold
 10747 | D:9      | Noticed a two-headed ogre
 11016 | D:8      | Killed a two-headed ogre
 11395 | D:9      | Noticed Maggie
 11402 | D:9      | Killed Maggie
 11696 | D:9      | Found a bloodstained altar of Trog.
 11747 | D:9      | Reached skill level 10 in Fighting
 11747 | D:9      | Reached skill level 1 in Transmutations
 11882 | D:9      | Noticed a wizard
 11885 | D:9      | Killed a wizard
 12100 | D:10     | Entered Level 10 of the Dungeon
 12100 | D:10     | Noticed Lodul
 12100 | D:10     | Found a broken altar of Ashenzari.
 12105 | D:10     | Reached skill level 2 in Transmutations
 12326 | D:9      | Reached skill level 3 in Transmutations
 12326 | D:9      | Reached XP level 11. HP: 57/99 MP: 1/17
 12335 | D:9      | Reached *** piety under Dithmenos
 12605 | D:10     | Learned a level 5 spell: Irradiate
 12613 | D:10     | Found a staircase to the Orcish Mines.
 12870 | D:10     | Killed Lodul
 12871 | D:10     | Reached skill level 1 in Unarmed Combat
 12871 | D:10     | Reached skill level 5 in Spellcasting
 12871 | D:10     | Reached skill level 4 in Transmutations
 12877 | D:10     | Learned a level 5 spell: Blade Hands
 13099 | D:10     | Reached skill level 5 in Transmutations
 13156 | D:10     | Found a portal to a secret trove of treasure.
 13205 | D:10     | Reached **** piety under Dithmenos
 13780 | D:11     | Noticed Grum
 13780 | D:11     | Noticed a four-headed hydra
 13973 | D:11     | Reached skill level 6 in Transmutations
 14448 | D:11     | Killed a four-headed hydra
 14449 | D:11     | Reached skill level 7 in Transmutations
 14819 | D:11     | Noticed a brown ugly thing
 14819 | D:11     | Noticed a red ugly thing
 14819 | D:11     | Noticed a cyan ugly thing
 14820 | D:11     | Noticed a green ugly thing
 14826 | D:11     | Noticed a two-headed ogre
 14831 | D:11     | Killed a brown ugly thing
 14831 | D:11     | Noticed a green ugly thing
 14840 | D:11     | Killed a purple ugly thing
 14854 | D:11     | Found a staircase to the Lair.
 15076 | D:11     | Reached XP level 12. HP: 103/106 MP: 10/21
 15162 | D:11     | Reached skill level 8 in Transmutations
 15582 | D:11     | Reached skill level 5 in Unarmed Combat
 15674 | D:11     | Identified the ring of Asofoirgh {Fly Str+2 Dex+3 SInv}
 15719 | D:11     | Noticed a red very ugly thing
 15790 | Lair:1   | Entered Level 1 of the Lair of Beasts
 15923 | Lair:1   | Identified a scroll of acquirement
 15923 | Lair:1   | Acquired a +2 hat
 15989 | Lair:1   | Reached skill level 9 in Transmutations
 16220 | Lair:1   | Acquired the ring of Awoelast {rPois rCorr Dex+6}
 16688 | Lair:1   | Reached ***** piety under Dithmenos
 16780 | Lair:1   | Found a runed translucent gate.
 16780 | Lair:1   | Found a runed translucent gate.
 16780 | Lair:1   | Found a runed translucent gate.
 16781 | Lair:1   | Noticed LittleThickWarRabbit's ghost (journeyman MiBe)
 17315 | Lair:2   | Found a hole to the Spider Nest.
 17461 | Lair:2   | Reached skill level 10 in Transmutations
 17770 | Lair:2   | Noticed a seven-headed hydra
 17786 | Lair:2   | Killed a seven-headed hydra
 17803 | Lair:2   | Noticed an eight-headed hydra
 17807 | Lair:2   | Killed an eight-headed hydra
 17851 | Lair:2   | Found a staircase to the Swamp.
 17980 | Lair:3   | Noticed a six-headed hydra
 18163 | Lair:3   | Killed a six-headed hydra
 18164 | Lair:3   | Reached XP level 13. HP: 69/114 MP: 6/24
 18256 | Lair:3   | Found a frozen archway.
 18297 | IceCv    | Entered an ice cave
 19086 | IceCv    | Reached skill level 11 in Transmutations
 19358 | Lair:3   | Noticed Snorg
 19367 | Lair:3   | Killed Snorg
 19963 | Lair:3   | Learned a level 6 spell: Iron Shot
 19979 | Lair:4   | Found a staircase to the Slime Pits.
 19988 | Lair:4   | Found a viscous altar of Jiyva.
 21091 | Lair:5   | Entered Level 5 of the Lair of Beasts
 21665 | Lair:5   | Reached ****** piety under Dithmenos
 21666 | Lair:5   | Reached skill level 5 in Dodging
 21700 | Lair:4   | Gained mutation: You have acidic saliva. [Yellow Draconian
                  | growth]
 21700 | Lair:4   | Reached XP level 14. HP: 60/124 MP: 16/25
 22114 | Lair:5   | Reached skill level 12 in Transmutations
 22632 | Lair:5   | Reached skill level 10 in Conjurations
 22888 | Lair:5   | Found the ring of the Mage {Wiz Archmagi}
 22898 | Lair:5   | Identified the ring of Paty {rF+ rN+ Will- rCorr Dex+3}
 22904 | Lair:5   | Identified the +12 rapier "Voskyaheme" {freeze, rF++ rN+
                  | Int-5 Dex+2}
 22956 | Lair:5   | Learned a level 7 spell: Dragon Form
 23765 | Orc:1    | Entered Level 1 of the Orcish Mines
 23765 | Orc:1    | Found a transporter.
 23770 | Orc:1    | Noticed kalagan's ghost (journeyman DECj)
 24006 | Orc:1    | Found a bloodstained altar of Trog.
 24018 | Orc:1    | Found a transporter.
 24160 | Orc:2    | Entered Level 2 of the Orcish Mines
 24587 | Orc:2    | Paralysed by an orc sorcerer for 5 turns
 24761 | Orc:2    | Found Isunir's Weapon Emporium.
 24766 | Orc:2    | Found Neogiy's Jewellery Shop.
 24773 | Orc:2    | Found Oriro's Jewellery Shop.
 24775 | Orc:2    | Found Pofeytuh's Jewellery Emporium.
 24834 | Orc:2    | Found a staircase to the Elven Halls.
 25905 | D:12     | Noticed Urug
 25916 | D:12     | Killed Urug
 26145 | D:12     | Reached skill level 10 in Unarmed Combat
 26305 | D:12     | Found Momm's Antique Armour Emporium.
 26367 | D:12     | Noticed Azrael
 26385 | D:12     | Reached XP level 15. HP: 122/132 MP: 19/28
 26389 | D:12     | Killed Azrael
 26547 | D:12     | Found a shimmering blue altar of Sif Muna.
 26563 | D:12     | Reached skill level 13 in Transmutations
 26873 | D:13     | Noticed Erolcha
 26879 | D:13     | Killed Erolcha
 26934 | D:13     | Acquired the ring "Qiluar" {rF+ rC+ Int+4 Dex+6}
 27153 | D:13     | Noticed Sonja
 27158 | D:13     | Killed Sonja
 27256 | D:13     | Noticed Jorgrun
 27266 | D:13     | Killed Jorgrun
 28181 | D:14     | Found a gate to the Vaults.
 28434 | D:14     | Found an ornate altar of the Wu Jian Council.
 29084 | D:14     | Found an opulent altar of Gozag.
 29090 | D:14     | Found Gozag's Platinum Reserve.
 29690 | D:15     | Entered Level 15 of the Dungeon
 29886 | D:15     | Noticed Rupert
 29892 | D:15     | Killed Rupert
 29893 | D:15     | Reached skill level 10 in Spellcasting
 29930 | D:15     | Found a runed translucent gate.
 29968 | D:15     | Identified Roxanne's Spellbook of Scree
 29968 | D:15     | Noticed Roxanne
 29988 | D:15     | Found a runed translucent gate.
 29989 | D:15     | Found a runed translucent gate.
 30005 | D:15     | Reached skill level 14 in Transmutations
 30030 | D:15     | Noticed Boahovan's ghost (journeyman DsGl)
 30030 | D:15     | Noticed a frost giant
 30220 | D:15     | Found a white marble altar of Elyvilon.
 30688 | D:15     | Found a staircase to the Depths.
 31152 | Swamp:1  | Entered Level 1 of the Swamp
 31623 | Swamp:1  | Reached XP level 16. HP: 143/143 MP: 11/30
 32605 | Swamp:2  | Noticed a thorn hunter
 32613 | Swamp:2  | Killed a thorn hunter
 32987 | Swamp:2  | Noticed Aizul
 33001 | Swamp:2  | Killed Aizul
 33132 | Swamp:2  | Found a transporter.
 33147 | Swamp:2  | Noticed McKennaii's ghost (journeyman DgCj)
 33175 | Swamp:2  | Reached skill level 15 in Transmutations
 33203 | Swamp:2  | Found a transporter.
 34690 | Swamp:4  | Entered Level 4 of the Swamp
 36004 | Swamp:4  | Identified the ring "Madunla" {Str+4 Dex+4 SInv}
 36123 | Swamp:4  | Reached XP level 17. HP: 41/152 MP: 2/32
 36133 | Swamp:4  | Killed from afar by a spriggan air mage

Illustrated notes

Levels and vault maps discovered:
D:1:      dpeg_arrival_shelter, layout_rooms, serial_glass, glass_columns_a,
          glass_columns_c, item_on_display_a, item_on_display_a,
          due_unseen_surprise, moated_statue, grunt_decor_arrowhead,
          minmay_pentomino_o2
D:2:      layout_basic, uniq_robin
D:3:      layout_rooms, mainiacjoe_overflow_alcove_1, hangedman_glass_teeth
D:4:      layout_gridville, nicolae_overflow_crystal_walls,
          vehumet_altar_wand_db, corexii_leaking_fountain, supply_closet_lemuel,
          minmay_misc_feat_alley
D:5:      layout_basic, mainiacjoe_overflow_cross_hatched, serial_bayou_crossing
D:6:      old_forge, layout_loops_ring, fedhas_altar_3,
          mainiacjoe_overflow_alcove_2
D:7:      layout_loops_ring, mainiacjoe_overflow_tiny_flanked,
          mainiacjoe_overflow_brackets, minmay_temple_entry_antechambers,
          serial_shops, shop, nicolae_wooded_promenade, minmay_hedge_maze,
          minmay_misc_feat_roman, nicolae_alphabet_shops, minmay_small_thing,
          uniq_pikel
D:8:      layout_gridville, nicolae_yredelemnul_corpse_copse, uniq_maurice,
          uniq_prince_ribbit1, uniq_joseph
D:9:      layout_cave_pods, trog_wizard, minmay_misc_feat_ornament, uniq_harold,
          uniq_maggie
D:10:     layout_roguey, old_standard_altar, hiddenorc2_lemuel, enter_trove_1,
          uniq_lodul
D:11:     cheibrodos_breeding_chamber, layout_gridville,
          grunt_lair_entry_orc_guard_hut, uniq_grum
D:12:     layout_roguey, serial_shops, shop_fountains,
          nicolae_sif_muna_condensation, uniq_azrael, uniq_urug
D:13:     layout_stronghold, minivault_21, uniq_sonja, uniq_jorgrun,
          uniq_erolcha
D:14:     layout_cave_pods, erik_vaults_1, nicolae_wu_jian_wuxing_cycle,
          nicolae_gozag_zags_fifth_avenue
D:15:     grunt_enter_depths_magical_seal, layout_basic,
          nicolae_elyvilon_peaceful_grove, gammafunk_ghost_icy, uniq_rupert,
          uniq_roxanne
Lair:1:   layout_chaotic_city, ebering_ghost_rock_garden
Lair:2:   layout_big_grid, palyth_hydra_swamp_entry, spider_nest_entry_webs,
          chequers_serial_rivers_micro_d
Lair:3:   layout_chaotic_city, portal_ice_cave_demonic_guard, uniq_snorg
Lair:4:   layout_concentric_octagons, nicolae_slime_entry_field_trip,
          st_stairs_3, minmay_lair_oklob_items
Lair:5:   gammafunk_lair_ancient_temple, layout_regular_city
Swamp:1:  layout_basic_swamp, serial_swamp_ruin, evilmike_swamp_ruin_house_1,
          evilmike_swamp_ruin_rubble_1, evilmike_swamp_ruin_house_4,
          swamp_pool2, st_shrine_of_shade
Swamp:2:  layout_basic_swamp, gammafunk_ghost_berserking_beasts,
          evilmike_swamp_ruin_house_5, swamp_pool5, infiniplex_staircase_pool,
          uniq_aizul
Swamp:3:  layout_basic_swamp, evilmike_swamp_ruin_house_2
Swamp:4:  swamp_icy, layout_basic_swamp, swamp_pool1,
          nicolae_swamp_soggy_hallways, uniq_nikola
Orc:1:    layout_caves, gammafunk_ghost_wrathful_warriors
Orc:2:    st_orc_elflike, layout_caves

Skill      XL: |  1  2  3  4  5  6  7  8  9 10 11 12 13 14 15 16 |
---------------+-------------------------------------------------+-----
Ranged Weapons | 2 3 |  3.1
Earth Magic    | 1 3 4 6 8 10 | 10.0
Spellcasting   | 2 4 6 7 9 10 11 | 11.2
Conjurations   | 2 5 8 11 | 11.2
Fighting       | 4 10 11 12 13 14 | 14.1
Transmutations | 3 7 10 11 12 14 15 | 15.9
Unarmed Combat | 4 7 9 10 11 12 | 12.1
Dodging        | 3 5 7 8 |  8.3
Hexes          | |  2.6

Action                     |  1- 3 |  4- 6 |  7- 9 | 10-12 | 13-15 | 16-18 || total
---------------------------+-------+-------+-------+-------+-------+-------++-------
  Melee: Dagger            |       |    47 |   149 |   269 |    28 |       ||   493
         Tailslap          |       |    10 |    14 |    60 |    99 |    15 ||   198
         Punch             |       |     1 |     1 |     8 |    36 |     8 ||    54
         Unarmed           |       |       |       |    28 |   437 |    93 ||   558
         Bite              |       |       |       |       |    56 |    11 ||    67
   Fire: Sling             |   124 |    38 |       |       |       |       ||   162
   Cast: Slow              |     2 |       |     3 |       |       |       ||     5
         Sandblast         |       |   111 |    88 |       |       |       ||   199
         Stone Arrow       |       |       |    60 |   384 |   290 |       ||   734
         Blade Hands       |       |       |       |     7 |    18 |       ||    25
         Irradiate         |       |       |       |     1 |    10 |    14 ||    25
         Dragon Form       |       |       |       |       |    35 |    14 ||    49
         Iron Shot         |       |       |       |       |    41 |   131 ||   172
Ability: Breathe Acid      |       |       |     6 |     8 |     2 |     1 ||    17
  Evoke: Wand              |       |       |     6 |       |       |       ||     6
    Use: Scroll            |       |     9 |     5 |    21 |    16 |     4 ||    55
         Potion            |       |       |     3 |     2 |     4 |     6 ||    15
   Stab: Sleeping          |       |       |       |     1 |       |       ||     1
 Armour: Skin              |    37 |    62 |   122 |   213 |   309 |    92 ||   835
  Dodge: Dodged            |    73 |   124 |   199 |   306 |   443 |   115 ||  1260
